 Dungeon Crawl Stone Soup version 0.30-a0-881-g1ff12e1e11 (webtiles) character file.

Game seed: 12990073590418498681

503 Pimp the Digger (level 7, -2/40 (50) HPs)
             Began as a Formicid Earth Elementalist on Mar 14, 2023.
             Slain by Edmund
             ... wielding a +4 flail of draining
              (5 damage)
             ... on level 4 of the Dungeon.
             The game lasted 00:14:03 (2949 turns).

Pimp the Digger (Formicid Earth Elementalist)       Turns: 2949, Time: 00:14:04

HP:   -2/40 (50)    AC: 12    Str: 15    XL:     7   Next: 40%
MP:   2/12          EV: 13    Int: 14    God:
Gold: 209           SH:  0    Dex: 14    Spells: 11/12 levels left

rFire   . . .      SeeInvis +    f - +3 falchion (holy)
rCold   . . .      Faith    .    (no shield)
rNeg    . . .      Spirit   .    a - +0 robe
rPois   .          Reflect  .    (helmet unavailable)
rElec   .          Rampage  .    (no cloak)
rCorr   .                        (no gloves)
Will    .....                    n - +1 pair of boots
Stlth   +++                      (no amulet)
HPRegen 0.26/turn                c - +4 ring of protection
MPRegen 0.13/turn                d - +4 ring of protection

@: heavily drained
A: permanent stasis, dig shafts and tunnels, antennae 3, four strong arms
a: Dig, Shaft Self


You were on level 4 of the Dungeon.
You visited 1 branch of the dungeon, and saw 4 of its levels.

You collected 209 gold pieces.

Inventory:

Hand Weapons
 f - a +3 falchion of holy wrath (weapon)
 l - the +3 hand axe "Tesayzyp" {speed, Int+3}
   (You took it off an orc on level 4 of the Dungeon)

   Int:       It affects your intelligence (+3).
 q - a +0 long sword
Missiles
 e - 2 throwing nets
Armour
 a - a +0 robe (worn)
 n - a +1 pair of boots (worn)
Jewellery
 c - a +4 ring of protection (left hand)
 d - a +4 ring of protection (right hand)
 i - an amulet of guardian spirit
Scrolls
 h - 2 scrolls of vulnerability
 j - a scroll of magic mapping
Potions
 b - a potion of magic
 g - 2 potions of mutation
 k - 2 potions of attraction
 p - a potion of haste


   Skills:
 + Level 2.2 Fighting
 + Level 2.3 Long Blades
 + Level 2.5 Armour
 + Level 2.9 Dodging
 + Level 4.0 Stealth
 + Level 3.3 Spellcasting
 + Level 2.7 Transmutations
 + Level 4.8 Earth Magic


You had 11 spell levels left.
You knew the following spells:

 Your Spells              Type           Power      Damage    Failure   Level
a - Sandblast             Erth           32%        2d9       2%          1

Your spell library contained the following spells:

 Spells                   Type           Power      Damage    Failure   Level
 Passwall                 Tmut/Erth      10%        N/A       6%          2
 Beastly Appendage        Tmut           20%        N/A       7%          1
 Wereblood                Tmut           10%        N/A       10%         2
 Necrotise                Necr           8%         1d4       21%         1
 Summon Small Mammal      Summ           8%         N/A       21%         1
 Stone Arrow              Conj/Erth      18%        3d8       22%         3
 Spider Form              Tmut/Pois      6%         N/A       34%         3
 Petrify                  Tmut/Erth      13%        N/A       38%         4
 Call Canine Familiar     Summ           2%         N/A       52%         3
 Summon Guardian Golem    Hex/Summ       2%         N/A       52%         3
 Vampiric Draining        Necr           2%         2d6       52%         3
 Agony                    Necr           2%         N/A       99%         5


Dungeon Overview and Level Annotations

Branches:
Dungeon (4/15)
 Temple: D:4-7

Altars:
Makhleb
Uskayaw

Shops:
D:1 [

Annotations:
D:3 3 runed translucent doors, TheSexyCheese's ghost, amateur TeGl
D:4 Edmund


Innate Abilities, Weirdness & Mutations

You cannot be hasted, slowed, berserked, paralysed or teleported.
You can dig through walls and to a lower floor.
You have a pair of large antennae on your head. (SInv)
Your four strong arms can wield two-handed weapons with a shield.


Message History

The blast of sand hits Edmund but does no damage.
Edmund is moderately wounded.
Edmund says, "A flail is better than a scythe, any day of the week!"
Edmund hits you with a +4 flail of draining.
You feel drained.
Casting: Sandblast (safe; 2% risk of failure)
Confirm with . or Enter, or press ? or * to list all spells.
Aiming: Sandblast (safe; 2% risk of failure)
Press: ? - help, Shift-Dir - straight line, f/p - Edmund
Aim: Edmund, wielding a +4 flail of draining and wearing a +1 leather armour of poison resistance (moderately wounded, 82% to hit)
The blast of sand hits Edmund!
Edmund is heavily wounded.
Edmund closely misses you.
Edmund hits you with a +4 flail of draining.
You feel drained.
You closely miss Edmund.
Edmund is heavily wounded.
Edmund closely misses you.
Okay, then.
Casting: Sandblast (safe; 2% risk of failure)
Confirm with . or Enter, or press ? or * to list all spells.
Aiming: Sandblast (safe; 2% risk of failure)
Press: ? - help, Shift-Dir - straight line, f/p - Edmund
Aim: Edmund, wielding a +4 flail of draining and wearing a +1 leather armour of poison resistance (heavily wounded, 82% to hit)
The blast of sand hits Edmund!
Edmund is severely wounded.
Edmund hits you with a +4 flail of draining.
You feel drained. Edmund hits you but does no damage.
You feel drained.
Unknown command.
Casting: Sandblast (safe; 2% risk of failure)
Confirm with . or Enter, or press ? or * to list all spells.
Aiming: Sandblast (safe; 2% risk of failure)
Press: ? - help, Shift-Dir - straight line, f/p - Edmund
Aim: Edmund, wielding a +4 flail of draining and wearing a +1 leather armour of poison resistance (severely wounded, 82% to hit)
The blast of sand hits Edmund!
Edmund is almost dead.
Edmund hits you with a +4 flail of draining!
* * * LOW HITPOINT WARNING * * *
You feel drained.
You die...

#...#.#...###..............#
.#...#...#...#....#.#...#.##
..#..#..#.....#.........#
...#####........#.#.....#...
..#^.#..#.....#...#....<.....
.#...#...#...#..##.........##
#...#.#...###...##............
#..#...#..#..#..##.#..........
###...).###...#.@@)...#>......
..#.....#..#....##.####.......
..#.....#...#...##.# .......
.#.#...#.#......##.### .......
#...#.#...#.....##...##..{....
..[.......[.....#..#......#
####..........†...##.####.#
#################.# #..


You could see Edmund.

Vanquished Creatures
  Grinder (D:3)
  Blork the orc (D:4)
  Jessica (D:3)
  3 orc wizards (D:4)
  Robin (D:2)
  3 adders
  3 worms
  A dart slug (D:1)
  9 orcs (D:4)
  6 endoplasms
  3 giant cockroaches
  21 goblins
  11 hobgoblins
  3 quokkas
  A ball python (D:1)
  6 bats
  3 frilled lizards
  3 kobolds
  9 rats
89 creatures vanquished.

Notes
Turn   | Place    | Note
-------+----------+-------------------------------------------
     0 | D:1      | Pimp the Formicid Earth Elementalist began the quest for
                  | the Orb.
     0 | D:1      | Reached XP level 1. HP: 13/13 MP: 3/3
    41 | D:1      | Found Koapna Eruk's Antique Armour Boutique.
   362 | D:1      | Reached XP level 2. HP: 17/19 MP: 5/5
   696 | D:1      | Reached XP level 3. HP: 17/25 MP: 6/6
  1125 | D:2      | Found a faded altar of an unknown god.
  1368 | D:2      | Reached skill level 1 in Long Blades
  1368 | D:2      | Reached skill level 1 in Armour
  1368 | D:2      | Reached XP level 4. HP: 30/31 MP: 7/7
  1754 | D:3      | Noticed Robin
  1916 | D:2      | Killed Robin
  1917 | D:2      | Reached skill level 1 in Fighting
  1950 | D:3      | Reached XP level 5. HP: 37/37 MP: 9/9
  2003 | D:3      | Found a hide-covered altar of Uskayaw.
  2066 | D:3      | Found a burning altar of Makhleb.
  2107 | D:3      | Noticed Grinder
  2131 | D:3      | Killed Grinder
  2132 | D:3      | Reached XP level 6. HP: 18/44 MP: 10/10
  2326 | D:3      | Noticed Jessica
  2337 | D:3      | Killed Jessica
  2388 | D:3      | Found a runed translucent gate.
  2405 | D:3      | Found a runed translucent gate.
  2514 | D:3      | Noticed TheSexyCheese's ghost (amateur TeGl)
  2515 | D:3      | Found a runed translucent gate.
  2620 | D:4      | Reached XP level 7. HP: 21/49 MP: 7/11
  2778 | D:4      | Identified the +3 hand axe "Tesayzyp" {speed, Int+3}
  2834 | D:4      | Noticed Blork the orc
  2920 | D:4      | Noticed Edmund
  2936 | D:4      | Killed Blork the orc
  2949 | D:4      | Slain by Edmund

Illustrated notes

Levels and vault maps discovered:
D:1:      amcnicky_arrival_blooded_trapdoor, layout_basic, serial_shops,
          nicolae_shop_competitors_out_of_business, minmay_vboxes
D:2:      layout_loops_cross, shapermc_ecumenical_altar_mp_vishouse,
          serial_park_tiny_pond, st_stairs_14
D:3:      layout_rooms, mainiacjoe_overflow_cross_hatched, bloody_makhleb,
          biasface_ghost_orc_armoury, uniq_jessica, uniq_grinder, uniq_robin
D:4:      layout_loops_cross, minmay_splitting_lines, serial_bayou_pond_e,
          uniq_crazy_yiuf_cottage, uniq_ijyb, uniq_edmund, uniq_blork_the_orc,
          uniq_pikel

Skill      XL: |  1  2  3  4  5  6  7 |
---------------+----------------------+-----
Dodging        | 2 |  2.9
Earth Magic    | 4 |  4.8
Long Blades    | 1 2 |  2.3
Armour         | 1 2 |  2.5
Stealth        | 3 4 |  4.0
Fighting       | 1 2 |  2.2
Spellcasting   | 3 |  3.3
Transmutations | 2 |  2.7

Action                     |  1- 3 |  4- 6 |  7- 9 || total
---------------------------+-------+-------+-------++-------
  Melee: Falchion          |    53 |   118 |    36 ||   207
         Unarmed           |     1 |       |       ||     1
         Punch             |       |     1 |     1 ||     2
   Cast: Sandblast         |     6 |    14 |    14 ||    34
    Use: Scroll            |     3 |     6 |     1 ||    10
         Potion            |       |     1 |     4 ||     5
   Stab: Sleeping          |     6 |     6 |     1 ||    13
 Armour: Robe              |    16 |    89 |    29 ||   134
  Dodge: Dodged            |    36 |   118 |    47 ||   201

Table legend: (Time is in decaauts)
 A = Elapsed time spent in this place.
 B = Non-inter-level travel time spent in this place.
 C = Inter-level travel time spent in this place.
 D = Time resting spent in this place.
 E = Time spent auto-exploring this place.
 F = Levels seen in this place.
 G = Mean time per level.
                   A        B        C        D        E       F      G
               +--------+--------+--------+--------+--------+-----+--------+
         Total |   3018 |   2948 |     70 |    491 |   1549 |   4 |  754.5 |
       Dungeon |   3018 |   2948 |     70 |    491 |   1549 |   4 |  754.5 |
               +--------+--------+--------+--------+--------+-----+--------+

Top non-repeatable levels by time:
     D:1: 1038 daAuts
     D:2: 924 daAuts
     D:3: 619 daAuts
     D:4: 435 daAuts
